 Dungeon Crawl Stone Soup version 0.14-a0-2443-g5aee772 (webtiles) character file.

1376 HollowCharge the Covered (level 8, -5/55 HPs)
             Began as a Formicid Fighter on Feb 4, 2014.
             Was a Follower of Okawaru.
             Slain by a wyvern zombie (9 damage)
             ... on Level 6 of the Dungeon on Feb 5, 2014.
             The game lasted 00:28:19 (6092 turns).

HollowCharge the Covered (Formicid Fighter)         Turns: 6092, Time: 00:28:19

HP  -5/55        AC 14     Str 24      XL: 8   Next: 88%
MP   8/8         EV  6     Int  9      God: Okawaru [*.....]
Gold 279         SH 20     Dex 10      Spells:  0 memorised,  7 levels left

rFire  . . .     SeeInvis +     k - +1 dwarf morningstar
rCold  . . .     Clarity  +     i - +2 chain mail
rNeg   + . .     Conserve .     c - +0 shield
rPois  x         rCorr    .     (helmet unavailable)
rElec  .         rRot     .     (no cloak)
SustAb . .       Spirit   .     o - +0 pair of gloves of Ciommyg {+Rage rN+ MR++ Int+2}
rMut   .         Warding  .     (no boots)
Saprov . . .     Stasis   +     e - amulet of clarity
MR     ++...                    (no ring)
                                (no ring)

@: drained, very resistant to hostile enchantments, extremely unstealthy
A: permanent stasis, dig shafts and tunnels, four strong arms, poison weakness,
antennae 3, exoskeleton 1
a: Dig, Shaft Self, Heroism, Renounce Religion


You were on level 6 of the Dungeon.
You worshipped Okawaru.
Okawaru was aware of your devotion.
You were hungry.

You visited 1 branch of the dungeon, and saw 6 of its levels.

You collected 279 gold pieces.

Inventory:

Hand weapons
 a - a +1,-1 hand axe
 k - a +1,+1 dwarven morningstar (weapon)
Armour
 c - a +0 shield (worn)
 i - a +2 chain mail (worn)
 o - the +0 pair of gloves of Ciommyg (worn) {+Rage rN+ MR++ Int+2}
   (You found it on level 6 of the Dungeon)

   It affects your intelligence (+2).
   It protects you from negative energy.
   It affects your resistance to hostile enchantments.
   It lets you go berserk.
Comestibles
 d - 4 bread rations
 g - a choko
 m - a cheese
 p - 2 meat rations
Scrolls
 b - 2 scrolls of amnesia
 l - 2 scrolls of curse jewellery {unknown}
Jewellery
 e - an amulet of clarity (around neck)
 j - an uncursed ring of positive energy {unknown}
 q - an uncursed ring of wizardry
Potions
 f - 3 potions of curing
 h - a potion of speed {unknown}
 n - a potion of agility
 t - 2 potions of heal wounds
 x - 2 potions of resistance {unknown}
 A - a potion of flight {unknown}
 D - 2 potions of restore abilities


   Skills:
 + Level 5.3(5.2) Fighting
 * Level 6.2(6.1) Axes
 + Level 6.2(6.1) Armour
 + Level 5.1(5.0) Shields


You had 7 spell levels left.
You didn't know any spells.

Dungeon Overview and Level Annotations

Branches:
Dungeon (6/16)
 Temple: D:4-7

Altars:
Dithmengos
Fedhas
Okawaru
Trog

Annotations:
D:6 Edmund


Innate Abilities, Weirdness & Mutations

Your are under a permanent stasis effect.
You can dig through walls and to a lower floor.
Your four strong arms can wield any weapon, most with a shield.
You are susceptible to poison.
You have a pair of large antennae on your head (SInv).
Your body is surrounded by an exoskeleton. (AC +1)


Message History

You block Edmund's attack.
You hit Edmund but do no damage.
Edmund is lightly wounded.
You block the wyvern zombie's attack. You block Edmund's attack.
You block the wyvern zombie's attack.
You hit Edmund.
Edmund is moderately wounded.
You block the wyvern zombie's attack. Edmund hits you but does no damage.
The wyvern zombie bites you!
* * * LOW HITPOINT WARNING * * *
You closely miss Edmund.
Edmund is moderately wounded.
The wyvern zombie bites you.
* * * LOW HITPOINT WARNING * * *
Edmund barely misses you. The wyvern zombie closely misses you.
Edmund hits you but does no damage.
You thump Edmund!
Edmund is heavily wounded.
The wyvern zombie bites you!
You die...

.............................
.............................
.............................
............................
............................
............................
...........................
≈≈≈≈....@Z.....≈≈≈≈≈......
≈≈≈.....@.....≈≈≈≈≈......
≈≈≈...........≈≈≈≈ ......
≈≈≈...........≈≈≈ .....
≈≈≈...........≈≈≈ .....
###...........### ....
#...........# .... #...........#
#...... #...........# #......
###########...........#####......


You could see Edmund and a wyvern zombie.

Vanquished Creatures
  A sky beast (D:5)
  A giant frog (D:6)
  A gnoll sergeant (D:5)
  3 wights (D:6)
  2 crimson imps (D:5)
  A hound (D:6)
  2 jellies
  5 orc wizards
  2 scorpions (D:5)
  2 iguanas
  4 worker ants
  An ogre zombie (D:5)
  Ijyb (D:6)
  5 adders
  6 gnolls (D:5)
  An inept item mimic (D:4)
  4 worms
  An orc skeleton (D:5)
  2 giant eyeballs (D:5)
  2 giant geckos
  12 orcs
  7 giant cockroaches
  8 hobgoblins
  7 kobolds
  An ooze (D:2)
  A ball python skeleton (D:4)
  6 bats
  3 giant newts
  7 goblins
  A goblin skeleton (D:5)
  A hobgoblin skeleton (D:5)
  4 jackals (D:5)
  A kobold skeleton (D:4)
  10 rats
116 creatures vanquished.

Vanquished Creatures (others)
  A wizard (D:3)
1 creature vanquished.

Grand Total: 117 creatures vanquished

Notes
Turn   | Place    | Note
--------------------------------------------------------------
     0 | D:1      | HollowCharge, the Formicid Fighter, began the quest for the Orb.
     0 | D:1      | Reached XP level 1. HP: 16/16 MP: 1/1
   177 | D:1      | Reached XP level 2. HP: 19/21 MP: 2/2
   455 | D:1      | Reached XP level 3. HP: 16/26 MP: 3/3
  1008 | D:2      | Found a shadowy altar of Dithmengos.
  1279 | D:2      | Found a blossoming altar of Fedhas.
  1480 | D:3      | Found a bloodstained altar of Trog.
  1480 | D:3      | Noticed a wizard
  1487 | D:3      | Killed a wizard
  1551 | D:3      | Reached XP level 4. HP: 20/31 MP: 4/4
  1717 | D:3      | Reached skill level 4 in Armour
  2062 | D:4      | Found an iron altar of Okawaru.
  2075 | D:4      | Reached XP level 5. HP: 33/37 MP: 5/5
  2088 | D:4      | Became a worshipper of Warmaster Okawaru
  2548 | D:5      | Entered Level 5 of the Dungeon
  2565 | D:5      | Reached XP level 6. HP: 12/43 MP: 6/6
  3156 | D:5      | Reached XP level 7. HP: 43/48 MP: 7/7
  3201 | D:5      | Reached skill level 5 in Armour
  3321 | D:5      | Noticed a sky beast
  3355 | D:5      | Killed a sky beast
  3757 | D:5      | Acquired Okawaru's first power
  3904 | D:5      | Upgraded the game from 0.14-a0-2432-g6b3afca to 0.14-a0-2443-g5aee772
  4023 | D:5      | Reached skill level 5 in Axes
  4339 | D:5      | Reached XP level 8. HP: 50/54 MP: 8/8
  5259 | D:6      | Reached skill level 5 in Fighting
  5359 | D:6      | Found a bloodstained altar of Trog.
  5678 | D:6      | Reached skill level 6 in Armour
  5769 | D:6      | Reached skill level 5 in Shields
  6055 | D:6      | Got a pair of faintly glowing gloves
  6058 | D:6      | Identified the +0 pair of gloves of Ciommyg {+Rage rN+ MR++ Int+2} (You found it on level 6 of the Dungeon)
  6062 | D:6      | Noticed Ijyb
  6075 | D:6      | Noticed Edmund
  6079 | D:6      | Killed Ijyb
  6092 | D:6      | Slain by a wyvern zombie

Action                   |  1- 3 |  4- 6 |  7- 9 || total
-------------------------+-------+-------+-------++-------
Melee: Hand axe          |   123 |   158 |   484 ||   765
       Morningstar       |       |       |    23 ||    23
  Use: Potion            |       |     1 |     1 ||     2
       Scroll            |       |       |    18 ||    18
 Stab: Distracted        |       |     1 |       ||     1
